 Dungeon Crawl Stone Soup version 0.30.0-5-g1a98f26d00 (webtiles) character file.

Game seed: 1275981519701472312

99460 grizmgrazm2 the Earth Mage (level 16, -12/96 HPs)
             Began as a Gargoyle Earth Elementalist on May 10, 2023.
             Was the Champion of Cheibriados.
             Mangled by a +1 heavy long sword (18 damage)
             ... on level 2 of the Elven Halls.
             The game lasted 01:24:12 (29199 turns).

grizmgrazm2 the Earth Mage (GrEE)                  Turns: 29199, Time: 01:24:12

Health: -12/96     AC: 37    Str: 37    XL:     16   Next: 25%
Magic:  11/38      EV: 15    Int: 41    God:    Cheibriados [******]
Gold:   739        SH:  0    Dex: 31    Spells: 4/33 levels left

rFire   . . .        j - +2 dagger of Hepliaklqana's Favour {heavy, Dex+3}
rCold   . . .        (no shield)
rNeg    + . .        n - +5 chain mail "Notate Moukk" {*Slow Fly Regen+ Str+3}
rPois   ∞            O - +2 hat {Int+3}
rElec   +            z - +0 cloak
rCorr   .            m - +2 pair of gloves {Stlth+}
SInv    +            q - +1 pair of boots
Will    ++...        o - amulet "Viuvy" {Will+ Regen+ MP+9 Dex+3}
Stlth   ++++         J - ring of see invisible
HPRegen 1.96/turn    y - +6 ring of strength
MPRegen 0.26/turn

%: slow self (1%)
@: flying, studying Poison Magic, unable to read, very slow
A: sickness immunity, AC +12, big wings, negative energy resistance 1,
electricity resistance, torment resistance 1, petrification resistance, wild
magic 1, inability to read after injury 1
a: Renounce Religion, Bend Time, Temporal Distortion, Slouch, Step From Time


You were on level 2 of the Elven Halls.
You worshipped Cheibriados.
Cheibriados was exalted by your worship.
You visited 4 branches of the dungeon, and saw 20 of its levels.

You collected 3356 gold pieces.
You spent 2617 gold pieces at shops.

Inventory:

Hand Weapons
 j - the +2 dagger of Hepliaklqana's Favour (weapon) {heavy, Dex+3}
   (You found it on level 3 of the Dungeon)

   Dex:       It affects your dexterity (+3).
 k - a +5 mace of protection
Missiles
 d - 2 throwing nets
Armour
 m - a +2 pair of gloves of stealth (worn)
 n - the +5 chain mail "Notate Moukk" (worn) {*Slow Fly Regen+ Str+3}
   (You bought it in a shop on level 3 of the Dungeon)

   Str:       It affects your strength (+3).
   Fly:       It grants you flight.
   Regen:     It increases your rate of health regeneration.
   *Slow:     It may slow you when you take damage.
 p - a +0 helmet
 q - a +1 pair of boots (worn)
 u - a +0 buckler
 z - a +0 cloak (worn)
 N - the +3 robe of Clouds {*Thunder rCloud rElec}
   (You found it on level 3 of the Lair of Beasts)

   *Thunder:  It occasionally creates storm clouds above nearby enemies.
   rCloud:    It grants its wearer immunity to clouds.
   rElec:     It insulates you from electricity.
 O - a +2 hat of intelligence (worn)
Magical Staves
 G - a staff of death
 L - a staff of earth
Jewellery
 o - the amulet "Viuvy" (around neck) {Will+ Regen+ MP+9 Dex+3}
   (You acquired it on level 3 of the Dungeon)

   [amulet of regeneration]

   Dex:       It affects your dexterity (+3).
   MP:        It affects your magic capacity (+9).
   Regen:     It increases your rate of health regeneration.
   Will:      It increases your willpower.
 w - a ring of protection from cold
 y - a +6 ring of strength (right hand)
 J - a ring of see invisible (left hand)
 K - an amulet of guardian spirit
Wands
 l - a wand of charming (10)
 C - a wand of iceblast (35)
 F - a wand of flame (35)
 H - a wand of polymorph (13)
 M - a wand of light (5)
Scrolls
 a - a scroll of torment
 b - a scroll of silence
 f - 4 scrolls of identify
 r - 2 scrolls of immolation
 x - 5 scrolls of poison
 A - a scroll of fog
 B - 2 scrolls of magic mapping
 E - a scroll of fear
Potions
 c - a potion of cancellation
 e - 4 potions of lignification
 g - 4 potions of resistance
 h - 4 potions of curing
 i - 4 potions of attraction
 t - 2 potions of ambrosia
 v - a potion of brilliance
 D - 3 potions of mutation


   Skills:
 + Level 9.7 Fighting
 + Level 8.1 Short Blades
 - Level 10.0 Armour
 - Level 5.0 Dodging
 + Level 11.6 Stealth
 + Level 9.0 Spellcasting
 * Level 12.4 Conjurations
 + Level 5.7 Transmutations
 * Level 15.9 Earth Magic
 * Level 9.0 Poison Magic
 - Level 4.5 Invocations


You had 4 spell levels left.
You knew the following spells:

 Your Spells              Type           Power      Damage    Failure   Level
a - Sandblast             Erth           100%       2d20      1%          1
b - Stone Arrow           Conj/Erth      100%       3d13      1%          3
c - Iron Shot             Conj/Erth      54%        9d10      4%          6
d - Wereblood             Tmut           71%        N/A       1%          2
e - Eringya's Noxious Bo  Tmut/Pois      40%        N/A       43%         6
f - Passwall              Tmut/Erth      80%        N/A       1%          2
g - Lee's Rapid Deconstr  Erth           57%        3d26*     1%          5
h - Petrify               Tmut/Erth      96%        N/A       1%          4

Your spell library contained the following spells:

 Spells                   Type           Power      Damage    Failure   Level
 Beastly Appendage        Tmut           100%       N/A       1%          1
 Magic Dart               Conj           100%       1d8       1%          1
 Sting                    Tmut/Pois      100%       1d8       1%          1
 Searing Ray              Conj           100%       2d8       1%          2
 Spider Form              Tmut/Pois      80%        N/A       1%          3
 Poisonous Vapours        Pois/Air       100%       N/A       2%          2
 Dazzling Flash           Conj/Hex       100%       N/A       2%          3
 Hailstorm                Conj/Ice       74%        3d15      2%          3
 Olgreb's Toxic Radiance  Pois           88%        N/A       2%          4
 Ignite Poison            Fire/Tmut/Pois 66%        N/A       3%          3
 Leda's Liquefaction      Hex/Erth       41%        N/A       3%          4
 Fulminant Prism          Conj/Hex       37%        3d17      6%          4
 Necrotise                Necr           92%        1d8       8%          1
 Frozen Ramparts          Ice            46%        1d7       21%         3
 Gell's Gravitas          Tloc           23%        N/A       21%         3
 Ozocubu's Armour         Ice            23%        N/A       21%         3
 Teleport Other           Tloc           23%        N/A       21%         3
 Tukima's Dance           Hex            23%        N/A       21%         3
 Vampiric Draining        Necr           23%        2d7       21%         3
 Ice Form                 Ice/Tmut       53%        N/A       21%         4
 Anguish                  Hex/Necr       11%        N/A       52%         4
 Dispel Undead            Necr           23%        3d12      52%         4
 Passage of Golubria      Tloc           23%        N/A       52%         4
 Summon Ice Beast         Ice/Summ       23%        N/A       52%         4
 Iskenderun's Battlesphe  Conj           100%       2d15      1%          5
 Irradiate                Conj/Tmut      44%        3d26      5%          5
 Borgnjor's Vile Clutch   Necr/Erth      41%        N/A       8%          5
 Alistair's Intoxication  Tmut/Pois      53%        N/A       10%         5
 Freezing Cloud           Conj/Ice/Air   31%        6-21      32%         5
 Yara's Violent Unravell  Hex/Tmut       26%        3d11      47%         5
 Agony                    Necr           23%        N/A       85%         5
 Metabolic Englaciation   Hex/Ice        11%        N/A       85%         5
 Silence                  Hex/Air        11%        N/A       85%         5
 Spellforged Servitor     Conj/Summ      37%        N/A       98%         7
 Death Channel            Necr           11%        N/A       100%        6
 Dispersal                Tloc           11%        N/A       100%        6
 Simulacrum               Ice/Necr       11%        N/A       100%        6
 Enfeeble                 Hex            11%        N/A       100%        7
 Summon Hydra             Summ           11%        N/A       100%        7
 Cigotuvi's Dreadful Rot  Necr/Pois/Air  Unusable   N/A       N/A         2
 Sublimation of Blood     Necr           Unusable   N/A       N/A         2
 Statue Form              Tmut/Erth      Unusable   N/A       N/A         6

Dungeon Overview and Level Annotations

Branches:
Dungeon (11/15)            Temple (0/1) D:6            Lair (5/5) D:11
 Shoals (0/4) Lair:2        Snake (0/4) Lair:3        Slime (0/5) Lair:4
    Orc (2/2) D:10            Elf (2/3) Orc:2

Altars:
Ashenzari
Cheibriados
Elyvilon
Makhleb
Okawaru
Qazlal
Ru
Trog
Yredelemnul
Zin
The Shining One
Jiyva

Shops:
D:3 :*[(:   Orc:2 ([([

Portals:
Abyss: D:7

Annotations:
D:7 2 transporters, justviktor's ghost, novice MiFi
Lair:1 exclusion: oklob plant


Innate Abilities, Weirdness & Mutations

You are immune to sickness and miasma.
Your stone body is resilient. (AC +12)
You are immune to poison.
Your large and strong wings let you fly.
You resist negative energy. (rN+)
You are resistant to electric shocks. (rElec)
You are resistant to unholy torment.
You are immune to petrification.
Your spells are a little harder to cast, but a little more powerful.
You occasionally lose the ability to read scrolls when taking damage.


Message History

You feel less wooden.
Your +0 cloak unmelds from your body.
Your +2 hat of intelligence unmelds from your body.
Your +2 pair of gloves of stealth unmelds from your body.
Your +1 pair of boots unmelds from your body.
The +5 chain mail "Notate Moukk" {*Slow Fly Regen+ Str+3} unmelds from your body.
You feel clever.
You feel stealthy.
You feel rather light.
The +0 short sword of venom hits you but does no damage.
The +1 heavy long sword hits you but does no damage.
The +0 double sword of draining misses you.
The +0 short sword of venom hits you but does no damage.
You are too injured to fight recklessly!
Casting: Lee's Rapid Deconstruction (mildly dangerous; 1% risk of failure)
Confirm with . or Enter, or press ? or * to list all spells.
Aiming: Iron Shot (dangerous; 4% risk of failure)
Press: ? - help, Shift-Dir - straight line, f - +0 double sword of draining
Aim: a +0 double sword of draining (58% to hit)
The iron shot hits the +0 double sword of draining!!!
The +0 double sword of draining falls from the air.
Cheibriados thoroughly appreciates the change of pace.
The +0 short sword of venom hits you but does no damage.
The +1 heavy long sword hits you.
* * * LOW HITPOINT WARNING * * *
A deep elf pyromancer comes into view. It is wielding a +0 short sword.
The +0 short sword of venom hits you.
* * * LOW HITPOINT WARNING * * *
Your Spellcasting skill increases to level 9!
Your Poison Magic skill increases to level 9!
Casting: Iron Shot (dangerous; 4% risk of failure)
Confirm with . or Enter, or press ? or * to list all spells.
Aiming: Iron Shot (dangerous; 4% risk of failure)
Press: ? - help, Shift-Dir - straight line, f - +1 heavy long sword
Aim: a +1 heavy long sword (58% to hit)
The iron shot misses the +1 heavy long sword.
The deep elf pyromancer shouts!
The +0 short sword of venom hits you but does no damage.
The +1 heavy long sword hits you!!
You feel threatened and lose the ability to read scrolls!
You die...

# **,,,,,,,#.......#,,,,,,,** ##
*,,,.....e...e......,,,,,,* .##
*,,..................,,,,,* ..##
*,,...................,,,,*
...##**,.........###.......,,,**
....# **........#* *#......,,**
..⌠.# ##.......# *....,,,**
....# *#.......(## **,,,,,,,,**
....#*#........)@# *,,,,,,,,,,**
.)..#*.........(## **,,,,,,,,,,*
))..##..........# *,,,,,,,,,,*
....'...........## **,,,,,,,,,,*
###''............# *,,,,,,,,,,**
###.............## **,,,,,,,,**
#...............# *,,,,,,,**
.....)..........#* **,,,,,,,,**
...(.............***,,,,,,,,,,**


You could see a deep elf pyromancer and 2 dancing weapons.

Vanquished Creatures
  An orc warlord (Orc:1)
  Josephine (Lair:5)
  A deep elf high priest (Elf:1)
  2 hydras (Lair:4)
  Erolcha (D:9)
  2 catoblepae (Lair:3)
  2 boulder beetles (D:9)
  2 two-headed ogres
  16 dancing weapons
  Urug (Lair:5)
  5 orc high priests
  9 deep elf knights
  A skyshark (Lair:5)
  Sonja (Lair:5)
  A goliath frog (Lair:5)
  4 orc knights (Orc:2)
  7 deep elf archers
  17 deep elf zephyrmancers
  6 orc sorcerers
  Pikel (D:8)
  22 deep elf pyromancers
  8 black mambas
  Joseph (D:8)
  27 elephants
  A gargoyle (D:10)
  Psyche (D:8)
  19 cane toads
  An unseen horror (D:10)
  8 komodo dragons
  3 trolls
  2 tyrant leeches (Lair:5)
  Grinder (D:4)
  Prince Ribbit (D:5)
  A snapping turtle (Lair:2)
  35 blink frogs
  A dream sheep (shapeshifter) (Elf:2)
  A raiju (shapeshifter) (Elf:1)
  Sigmund (D:3)
  4 wyverns
  24 yaks
  2 fire elementals
  7 wraiths
  3 water elementals (Elf:2)
  Grum (D:9)
  2 basilisks
  A steam dragon (Lair:3)
  5 vampire mosquitoes (Lair:5)
  4 wargs
  2 swamp worms (Lair:3)
  A two-headed ogre zombie (D:10)
  16 water moccasins
  29 orc warriors
  2 black bears (D:5)
  7 ogres
  5 centaurs
  21 wolves
  3 phantoms
  13 bullfrogs
  5 kobold brigands
  3 gnoll sergeants
  6 scorpions
  2 earth elementals
  7 wights
  8 killer bees (D:10)
  4 howler monkeys
  2 electric eels (Lair:5)
  5 hounds
  5 jellies
  17 orc priests
  A sleepcap (D:4)
  5 iguanas
  24 orc wizards
  Ijyb (D:5)
  7 ogre zombies (D:10)
  29 gnolls
  12 adders
  2 white imps
  An ufetubus (D:6)
  2 dart slugs (D:1)
  102 orcs
  8 endoplasms
  3 giant cockroaches
  14 goblins
  5 hobgoblins
  6 jackals
  32 kobolds
  3 quokkas
  4 ball pythons
  2 bats (D:1)
  4 frilled lizards
  A goblin skeleton (D:10)
  6 goblin zombies (D:10)
  2 hobgoblin skeletons (D:10)
  A hobgoblin zombie (D:10)
  3 orc skeletons (D:10)
  12 orc zombies (D:10)
  13 rats
736 creatures vanquished.

Vanquished Creatures (others)
  An orc (Orc:1)
1 creature vanquished.

Grand Total: 737 creatures vanquished

Notes
Turn   | Place    | Note
-------+----------+-------------------------------------------
     0 | D:1      | grizmgrazm2 the Gargoyle Earth Elementalist began the quest
                  | for the Orb.
     0 | D:1      | Reached XP level 1. HP: 10/10 MP: 3/3
   122 | D:1      | Reached skill level 4 in Earth Magic
   175 | D:1      | Reached XP level 2. HP: 15/15 MP: 3/5
   322 | D:1      | Found a faded altar of an unknown god.
   351 | D:1      | Prayed at the altar of an unknown god.
   351 | D:1      | Became a worshipper of Cheibriados the Contemplative
   351 | D:1      | Reached * piety under Cheibriados
   680 | D:1      | Reached XP level 3. HP: 14/19 MP: 1/6
   684 | D:1      | Learned a level 3 spell: Stone Arrow
  1054 | D:2      | Gained mutation: Your body sometimes deteriorates upon
                  | taking damage. [potion of mutation]
  1054 | D:2      | Lost mutation: Your body sometimes deteriorates upon taking
                  | damage. [potion of mutation]
  1054 | D:2      | Gained mutation: You occasionally lose the ability to read
                  | scrolls when taking damage. [potion of mutation]
  1054 | D:2      | Gained mutation: Your spells are a little harder to cast,
                  | but a little more powerful. [potion of mutation]
  1060 | D:2      | Reached ** piety under Cheibriados
  1154 | D:2      | Found a burning altar of Makhleb.
  1194 | D:2      | Reached skill level 5 in Earth Magic
  1194 | D:2      | Reached XP level 4. HP: 24/24 MP: 4/7
  1203 | D:2      | Reached skill level 1 in Conjurations
  1203 | D:2      | Reached skill level 1 in Invocations
  1558 | D:2      | Reached *** piety under Cheibriados
  1561 | D:2      | Reached XP level 5. HP: 28/28 MP: 5/9
  2077 | D:3      | Identified the +2 dagger of Hepliaklqana's Favour {heavy,
                  | Dex+3}
  2125 | D:3      | Found Sech's Armour Shop.
  2466 | D:3      | Found a broken altar of Ashenzari.
  2570 | D:3      | Reached **** piety under Cheibriados
  2748 | D:3      | Found Agomnuni's Weapon Shop.
  2761 | D:3      | Found Jipnug's Book Shoppe.
  2772 | D:3      | Found a sacrificial altar of Ru.
  2827 | D:3      | Found Yguidulu's Assorted Antiques.
  2835 | D:3      | Bought a scroll labelled BAYGOY WOEMAG for 26 gold pieces
  2835 | D:3      | Bought a scroll labelled MYNLIUTSIR for 26 gold pieces
  2835 | D:3      | Identified 2 scrolls of acquirement
  2835 | D:3      | Acquired the amulet "Viuvy" {Will+ Regen+ MP+9 Dex+3}
  2843 | D:3      | Acquired 1149 gold pieces
  2877 | D:3      | Bought a +2 pair of gloves of stealth for 258 gold pieces
  2877 | D:3      | Bought the +5 chain mail "Notate Moukk" {*Slow Fly Regen+
                  | Str+3} for 471 gold pieces
  2877 | D:3      | Bought a +0 helmet for 54 gold pieces
  2877 | D:3      | Bought a +0 pair of boots for 54 gold pieces
  2936 | D:3      | Noticed Sigmund
  2947 | D:3      | Killed Sigmund
  2948 | D:3      | Reached skill level 1 in Fighting
  2948 | D:3      | Reached skill level 1 in Armour
  2948 | D:3      | Reached XP level 6. HP: 22/34 MP: 10/10
  3005 | D:3      | Found Imay's Book Emporium.
  3118 | D:3      | Found a stormy altar of Qazlal.
  3147 | D:3      | Found an iron altar of Okawaru.
  3388 | D:4      | Reached skill level 6 in Earth Magic
  3389 | D:4      | Reached skill level 1 in Short Blades
  3510 | D:4      | Reached XP level 7. HP: 38/38 MP: 11/11
  3568 | D:4      | Noticed Grinder
  3581 | D:4      | Killed Grinder
  4212 | D:3      | Bought a book of the Earth for 468 gold pieces
  4214 | D:3      | Learned a level 1 spell: Beastly Appendage
  4217 | D:3      | Learned a level 2 spell: Wereblood
  4222 | D:3      | Learned a level 4 spell: Petrify
  4225 | D:3      | Learned a level 2 spell: Passwall
  4273 | D:5      | Entered Level 5 of the Dungeon
  4281 | D:5      | Reached XP level 8. HP: 30/44 MP: 13/13
  4281 | D:5      | Reached ***** piety under Cheibriados
  4291 | D:5      | Reached skill level 1 in Transmutations
  4538 | D:5      | Noticed Prince Ribbit
  4543 | D:5      | Killed Prince Ribbit
  4544 | D:5      | Reached skill level 5 in Stealth
  4544 | D:5      | Reached skill level 7 in Earth Magic
  4722 | D:5      | Found a burning altar of Makhleb.
  4722 | D:5      | Noticed a balrug
  4805 | D:5      | Reached XP level 9. HP: 49/49 MP: 15/15
  4956 | D:5      | Noticed Ijyb
  4959 | D:5      | Killed Ijyb
  5244 | D:6      | Found a staircase to the Ecumenical Temple.
  5528 | D:6      | Reached skill level 8 in Earth Magic
  6444 | D:7      | Found a one-way gate to the infinite horrors of the Abyss.
  6444 | D:7      | Noticed justviktor's ghost (novice MiFi)
  6450 | D:7      | Found a transporter.
  6547 | D:7      | Found a transporter.
  6561 | D:7      | Noticed a smoke demon
  7386 | D:8      | Found a white marble altar of Elyvilon.
  7388 | D:8      | Found a glowing silver altar of Zin.
  7389 | D:8      | Found a glowing golden altar of the Shining One.
  7514 | D:8      | Noticed Pikel
  7519 | D:8      | Killed Pikel
  7520 | D:8      | Reached XP level 10. HP: 56/56 MP: 1/17
  7651 | D:8      | Learned a level 5 spell: Lee's Rapid Deconstruction
  7736 | D:8      | Noticed Psyche
  7743 | D:8      | Killed Psyche
  7768 | D:8      | Reached ****** piety under Cheibriados
  7996 | D:8      | Noticed Joseph
  8004 | D:8      | Killed Joseph
  8005 | D:8      | Reached skill level 5 in Armour
  8452 | D:9      | Noticed Grum
  8462 | D:9      | Reached skill level 9 in Earth Magic
  8470 | D:9      | Killed Grum
  8679 | D:9      | Reached skill level 5 in Spellcasting
  8855 | D:9      | Found a basalt altar of Yredelemnul.
  9381 | D:9      | Noticed Erolcha
  9386 | D:9      | Killed Erolcha
  9392 | D:9      | Reached skill level 5 in Conjurations
  9495 | D:9      | Noticed a boulder beetle
  9507 | D:9      | Killed a boulder beetle
  9508 | D:9      | Reached XP level 11. HP: 62/62 MP: 1/18
  9640 | D:9      | Noticed a boulder beetle
  9648 | D:9      | Killed a boulder beetle
  9910 | D:10     | Entered Level 10 of the Dungeon
 10060 | D:10     | Identified the +3 rapier of Lakext {heavy, rPois}
 10334 | D:10     | Reached skill level 5 in Fighting
 10465 | D:10     | Found a staircase to the Orcish Mines.
 10950 | D:10     | Reached skill level 10 in Earth Magic
 11972 | D:11     | Noticed a two-headed ogre
 12126 | D:10     | Killed a two-headed ogre
 12248 | D:11     | Noticed a two-headed ogre
 12253 | D:11     | Killed a two-headed ogre
 12655 | D:3      | Bought a scroll of amnesia for 104 gold pieces
 12663 | D:3      | Learned a level 6 spell: Iron Shot
 12934 | D:11     | Found a staircase to the Lair.
 12942 | Lair:1   | Entered Level 1 of the Lair of Beasts
 13128 | Lair:1   | Reached XP level 12. HP: 69/69 MP: 20/20
 13544 | Lair:1   | Reached skill level 5 in Short Blades
 13549 | Lair:1   | Reached skill level 11 in Earth Magic
 14791 | Lair:2   | Reached skill level 5 in Dodging
 15408 | Lair:2   | Found a staircase to the Shoals.
 15764 | Lair:3   | Noticed a catoblepas
 15774 | Lair:3   | Killed a catoblepas
 15945 | Lair:3   | Reached XP level 13. HP: 76/76 MP: 17/22
 15947 | Lair:3   | Reached skill level 12 in Earth Magic
 16395 | Lair:3   | Found the +3 robe of Clouds {*Thunder rCloud rElec}
 16502 | Lair:3   | Found a staircase to the Snake Pit.
 18076 | Lair:4   | Reached skill level 10 in Armour
 18102 | Lair:4   | Reached skill level 13 in Earth Magic
 18700 | Lair:4   | Gained mutation: Your large and strong wings let you fly.
                  | [Gargoyle growth]
 18700 | Lair:4   | Reached XP level 14. HP: 72/83 MP: 15/25
 18998 | Lair:4   | Found a viscous altar of Jiyva.
 19000 | Lair:4   | Found a staircase to the Slime Pits.
 19629 | Lair:5   | Entered Level 5 of the Lair of Beasts
 19820 | Lair:5   | Reached skill level 10 in Stealth
 20024 | Lair:5   | Reached skill level 10 in Conjurations
 20280 | Lair:5   | Reached skill level 14 in Earth Magic
 20293 | Lair:5   | Noticed Josephine
 20298 | Lair:5   | Noticed Urug
 20303 | Lair:5   | Killed Josephine
 20312 | Lair:5   | Killed Urug
 20571 | Lair:5   | Learned a level 6 spell: Eringya's Noxious Bog
 21099 | D:3      | Bought a book of Alchemy for 364 gold pieces
 21099 | D:3      | Bought a Young Poisoner's Handbook for 260 gold pieces
 21552 | Lair:5   | Noticed Sonja
 21559 | Lair:5   | Killed Sonja
 21560 | Lair:5   | Reached skill level 1 in Poison Magic
 22190 | D:3      | Bought a book of the Senses for 352 gold pieces
 22570 | Orc:1    | Entered Level 1 of the Orcish Mines
 22633 | Orc:1    | Noticed an orc warlord
 22639 | Orc:1    | Killed an orc warlord
 22853 | Orc:2    | Entered Level 2 of the Orcish Mines
 22853 | Orc:2    | Found a staircase to the Elven Halls.
 22895 | Orc:2    | Found a runed translucent door.
 23682 | Orc:2    | Learned a level 4 spell: Petrify
 23690 | Orc:2    | Found Wyasih's Antique Weapon Boutique.
 24065 | Orc:2    | Found a bloodstained altar of Trog.
 24138 | Orc:2    | Noticed an orc warlord
 24699 | Orc:2    | Found Sequesil's Antique Weapon Boutique.
 24706 | Orc:2    | Reached XP level 15. HP: 89/89 MP: 23/27
 24755 | Orc:2    | Found Xolegot's Antique Armour Shop.
 24760 | Orc:2    | Bought a buckler for 180 gold pieces
 25276 | Orc:2    | Found Qowoz's Armour Boutique.
 25948 | Elf:1    | Entered Level 1 of the Elven Halls
 25965 | Elf:1    | Reached skill level 5 in Poison Magic
 26150 | Elf:1    | Reached skill level 5 in Transmutations
 26311 | Elf:2    | Reached skill level 15 in Earth Magic
 27977 | Elf:2    | Found a runed translucent gate.
 27978 | Elf:2    | Found a runed translucent gate.
 27978 | Elf:2    | Found a runed translucent gate.
 28201 | Elf:2    | Reached XP level 16. HP: 95/96 MP: 8/28
 29198 | Elf:2    | HP: 4/96 [+0 short sword of venom (4)]
 29199 | Elf:2    | Mangled by a +1 heavy long sword

Illustrated notes

Levels and vault maps discovered:
D:1:      mrwooster_arrival_statue, layout_loops_ring,
          dreamdust_ecumenical_altar_angels_and_demons
D:2:      cheibrodos_greedy_goblins, layout_basic, basic_altar
D:3:      layout_basic, nicolae_ru_the_path_less_chosen,
          mainiacjoe_overflow_two_lobes, ashenzari_altar_1, serial_shops,
          nicolae_shop_trees, nicolae_shop_statue_plus,
          nicolae_shop_just_a_little_nook, shop, shop, uniq_sigmund
D:4:      layout_loops_ring, uniq_grinder
D:5:      layout_gridville, makhleb_altar_promises_db,
          nicolae_nh_ransacked_shop, uniq_prince_ribbit1, uniq_ijyb
D:6:      layout_loops_ring, minmay_temple_entry_crystal_x, minmay_small_thing
D:7:      layout_gridville, gammafunk_ghost_abyssal_escape
D:8:      layout_loops_corners, good_gods_temple_1, uniq_joseph, uniq_pikel,
          uniq_psyche
D:9:      layout_gridville, mainiacjoe_overflow_24_doors, minmay_three_doors,
          uniq_grum, uniq_erolcha
D:10:     layout_long_grid, zombieorc2_lemuel, eino_jars
D:11:     kennysheep_big_flooded_room, layout_loops_corners,
          grunt_lair_entry_orc_guard_hut, hangedman_misty_isle
Lair:1:   layout_chaotic_city, serial_rivers, chequers_serial_rivers_marsh,
          chequers_serial_rivers_room_a, chequers_serial_rivers_room_b,
          chequers_serial_rivers_micro_d, chequers_serial_rivers_micro_e,
          chequers_serial_rivers_micro_a, minmay_lair_oklob_bushes,
          grunt_megastairs_5
Lair:2:   layout_chaotic_city, minmay_shoals_entry_hut, gauntlet_entry_generic,
          infiniplex_staircase_pool_2
Lair:3:   layout_small_grid, minmay_snake_entry_six_corridors, worms_lemuel
Lair:4:   layout_cave_pods, dpeg_slime_entry_corner, minivault_11,
          grunt_megastairs_1
Lair:5:   minmay_lair_end_frog_pond, layout_cellular_growth, uniq_josephine,
          uniq_urug, uniq_sonja
Orc:1:    layout_diamond_mine
Orc:2:    grunt_orc_community_town_hall, layout_caves,
          grunt_orc_community_big_house_2, grunt_orc_community_big_house_1,
          grunt_orc_community_house_2, grunt_orc_community_house_3,
          grunt_orc_community_house_3, grunt_orc_community_house_3,
          special_room, basic_altar, lightli_church_of_beogh
Elf:1:    eino_elf_arrival_customs, layout_geoelf_grid, serial_glass,
          glass_columns_c, glass_columns_c, kennysheep_underground_church,
          hex_medium, minmay_misc_feat_rows
Elf:2:    nicolae_elf_blades_crystal_corner, layout_geoelf_octagon

Skill      XL: |  1  2  3  4  5  6  7  8  9 10 11 12 13 14 15 16 |
---------------+-------------------------------------------------+-----
Earth Magic    | 4 5 6 7 8 9 10 11 13 14 15 | 15.9
Conjurations   | 1 2 3 4 5 7 9 11 12 | 12.4
Invocations    | 1 2 3 4 |  4.5
Spellcasting   | 3 4 5 6 7 8 9 |  9.0
Fighting       | 1 2 3 4 5 6 7 8 9 |  9.7
Armour         | 1 2 4 6 7 9 10 | 10.0
Stealth        | 3 4 5 6 7 8 9 10 11 | 11.6
Short Blades   | 1 2 3 4 5 6 7 8 |  8.1
Dodging        | 2 3 4 5 |  5.0
Transmutations | 1 2 3 4 5 |  5.7
Poison Magic   | 4 8 9 |  9.0

Action                     |  1- 3 |  4- 6 |  7- 9 | 10-12 | 13-15 | 16-18 || total
---------------------------+-------+-------+-------+-------+-------+-------++-------
  Melee: Unarmed           |    15 |       |       |       |       |       ||    15
         Dagger            |     4 |     6 |     5 |    89 |   470 |    30 ||   604
         Mace              |       |     1 |       |       |       |       ||     1
         Staff             |       |       |       |    88 |    31 |       ||   119
         Punch             |       |       |       |     6 |    13 |       ||    19
   Cast: Sandblast         |    40 |    74 |   118 |    10 |    26 |       ||   268
         Stone Arrow       |       |       |    39 |   296 |   263 |       ||   598
         Lee's Rapid Decon |       |       |       |     6 |    37 |     1 ||    44
         Iron Shot         |       |       |       |     1 |   100 |    24 ||   125
         Wereblood         |       |       |       |       |     2 |       ||     2
  Evoke: Wand              |       |       |     3 |       |    14 |     4 ||    21
    Use: Scroll            |     4 |     8 |     3 |    10 |    14 |     6 ||    45
         Potion            |     4 |     4 |       |     3 |    10 |     2 ||    23
   Stab: Invisible         |       |       |       |       |     4 |     1 ||     5
         Sleeping          |       |       |       |       |    13 |     1 ||    14
         Distracted        |       |       |       |       |     1 |       ||     1
 Armour: Robe              |    10 |    11 |       |       |   127 |       ||   148
         Chain mail        |       |     8 |    77 |   298 |   426 |    65 ||   874
         Skin              |       |       |       |       |       |     3 ||     3
  Dodge: Dodged            |    34 |    30 |    57 |   351 |   781 |    51 ||  1304
